AoeStats
← Guitencule

Arena

508452702Analyzed
3v3 RM · 11d ago on Sep 22, 2026· 59m 13s· 6 players
Game mode
Random Map
Map size
Normal (6 player)
Population
200
Speed
Normal
Resources
Standard
Victory
Conquest
Starting age
Dark Age
Ending age
Imperial Age
RankedLock teamsTeams togetherTeam positionsShared explorationLock speedFull tech treeHidden civsTurbo modeCheats
Victory
Defeat
🇫🇷 Japanese · France
798
+18
🇫🇷 Burgundians · France
788
+18
🇫🇷 Byzantines · France
701
+22
🇺🇸 Byzantines · United States
848
-33
🇵🇱 Persians · Poland
847
-20
🇺🇸 Teutons · United States
810
-18
Crusher
0:31 Loom
13:01 Feudal Age
14:37 Wheelbarrow
13:43 Horse Collar
13:50 Double-Bit Axe
22:28 Castle Age
21:08 Gold Mining
21:08 Stone Mining
23:08 Bow Saw
23:00 Heavy Plow
25:46 Caravan
32:13 Imperial Age
29:58 Pikeman
30:46 Squires
30:48 Scale Mail Armor
32:51 Chain Mail Armor
32:47 Forging
33:24 Conscription
34:06 Two-Man Saw
33:38 Crop Rotation
34:57 Hand Cart
34:41 Arson
37:45 Halberdier
40:10 Iron Casting
43:03 Scale Barding Armor
44:43 Chain Barding Armor
45:09 Cavalier
47:04 Bloodlines
46:57 Husbandry
46:52 Heavy Camel Rider
TheChaplain777
8:31 Loom
13:17 Feudal Age
14:07 Horse Collar
14:15 Double-Bit Axe
17:28 Castle Age
19:09 Stone Mining
19:54 Fletching
21:07 Bow Saw
21:16 Heavy Plow
23:28 Stone Shaft Mining
24:41 Bodkin Arrow
25:26 Scale Mail Armor
26:20 Squires
27:10 Gold Mining
28:28 Bloodlines
31:04 Imperial Age
29:50 Forging
29:56 Chain Mail Armor
29:47 Scale Barding Armor
33:09 Iron Casting
33:12 Cavalier
35:23 Crenellations
35:45 Wheelbarrow
37:09 Chemistry
36:23 Fortified Wall
38:01 Hand Cart
37:48 Caravan
37:19 Paladin
37:55 Guard Tower
39:38 Elite Teutonic Knight
44:33 Plate Mail Armor
45:05 Blast Furnace
46:52 Crop Rotation
47:24 Two-Man Saw
46:46 Chain Barding Armor
53:44 Atonement
53:57 Fervor
54:08 Sanctity
54:04 Block Printing
54:36 Plate Barding Armor
sqwamaster
2:15 Loom
11:37 Feudal Age
13:00 Wheelbarrow
13:07 Wheelbarrow
13:54 Double-Bit Axe
13:53 Horse Collar
24:18 Castle Age
25:50 Squires
25:17 Elite Skirmisher
26:01 Husbandry
25:27 Pikeman
26:32 Heavy Plow
26:48 Bow Saw
30:33 Caravan
30:41 Scale Barding Armor
32:35 Ballistics
33:11 Hand Cart
39:08 Padded Archer Armor
38:51 Treadmill Crane
39:08 Murder Holes
41:55 Greek Fire
46:56 Imperial Age
45:13 Fortified Wall
45:27 Leather Archer Armor
47:16 Halberdier
49:14 Heavy Camel Rider
50:51 Scale Mail Armor
58:21 Chemistry
57:39 Chain Mail Armor
57:15 Fletching
57:56 Ring Archer Armor
ELFIAKO
3:07 Loom
10:38 Feudal Age
11:15 Horse Collar
11:22 Double-Bit Axe
20:01 Castle Age
18:58 Stone Mining
20:58 Heavy Plow
21:11 Bow Saw
21:15 Gold Mining
30:46 Imperial Age
29:18 Forging
29:01 Fletching
32:36 Wheelbarrow
33:40 Crop Rotation
33:16 Pikeman
36:11 Iron Casting
39:01 Chemistry
38:39 Scale Barding Armor
41:37 Scale Mail Armor
42:16 Conscription
42:46 Fortified Wall
46:00 Gold Shaft Mining
46:32 Treadmill Crane
47:15 Chain Barding Armor
48:09 Squires
50:22 Plate Barding Armor
52:31 Hoardings
52:23 Ballistics
52:47 Stone Shaft Mining
53:20 Logistica
55:50 Halberdier
57:39 Chain Mail Armor
58:21 Caravan
58:51 Coinage
Alexaumax
12:55 Feudal Age
12:25 Double-Bit Axe
13:32 Wheelbarrow
13:49 Horse Collar
15:44 Bow Saw
16:48 Heavy Plow
18:08 Stone Mining
21:29 Castle Age
21:14 Hand Cart
21:50 Pikeman
24:34 Scale Barding Armor
24:40 Forging
25:53 Two-Man Saw
27:10 Cavalier
29:47 Scale Mail Armor
41:33 Imperial Age
43:21 Chemistry
43:21 Halberdier
43:29 Paladin
46:56 Chain Mail Armor
52:07 Stone Shaft Mining
51:23 Gold Mining
Guitencule
3:32 Loom
11:55 Feudal Age
12:23 Horse Collar
12:57 Double-Bit Axe
18:45 Town Watch
21:05 Castle Age
19:53 Arson
22:48 Wheelbarrow
21:56 Pikeman
23:48 Bow Saw
23:51 Heavy Plow
23:58 Elite Skirmisher
24:33 Gambesons
25:05 Forging
25:17 Gold Mining
26:21 Crossbowman
28:08 Squires
28:14 Fletching
28:48 Fortified Wall
35:42 Imperial Age
34:45 Scale Mail Armor
34:45 Padded Archer Armor
35:06 Hand Cart
35:24 Ballistics
36:53 Conscription
36:35 Capped Ram
50:32 Elite Samurai
52:26 Iron Casting
52:06 Chain Mail Armor
52:07 Leather Archer Armor
53:01 Bodkin Arrow
53:40 Thumb Ring
55:24 Blast Furnace
54:57 Plate Mail Armor
56:02 Caravan
56:43 Gold Shaft Mining
Connection lost

Rejoining the realm…

Still unreachable

The connection could not be restored.

Session expired

The server has moved on; the page needs a fresh start.